[Event "ICC tourney 3172 (30 10)"]
[Site "Internet Chess Club"]
[Date "2023.04.15"]
[Round "2"]
[White "WU, JAYDEN:SparkyNinja"]
[Black "Feng, Jay:TheDeadlyPawn"]
[Result "1-0"]
[ICCResult "Black resigns"]
[WhiteElo "2014"]
[BlackElo "1882"]
[Opening "Caro-Kann: Tartakower (Nimzovich) variation"]
[ECO "B15"]
[NIC "CK.06"]
[Time "14:00:11"]
[PlyCount "65"]
[TimeControl "1800+10"]

1. e4 c6 2. d4 d5 3. Nc3 dxe4 4. Nxe4 Nf6 5. Nxf6+ exf6 6. c3 Bd6 7. Bd3 O-O
8. Ne2 Re8 9. Qc2 h5 10. Be3 Nd7 11. O-O-O Nf8 12. Ng3 g6 13. Ne4 Be6 14.
Nxd6 Qxd6 15. Kb1 Kg7 16. c4 Rad8 17. h3 Nd7 18. g4 hxg4 19. hxg4 Rh8 20. g5
f5 21. Qc3 f6 22. d5 cxd5 23. Bd4 Rdf8 24. Rxh8 Rxh8 25. Bxf6+ Nxf6 26.
Qxf6+ Kg8 27. Qxg6+ Kf8 28. Qf6+ Kg8 29. Bxf5 Bxf5+ 30. Qxf5 d4 31. g6 Qe7
32. Qd5+ Kg7 33. Qxd4+ {Black resigns} 1-0

[Event "ICC tourney 3172 (30 10)"]
[Site "Internet Chess Club"]
[Date "2023.04.15"]
[Round "2"]
[White "Volkov, Sergey:Volkov"]
[Black "YU, AVERY:Averyyu321"]
[Result "1-0"]
[ICCResult "Black resigns"]
[WhiteElo "2503"]
[BlackElo "1973"]
[Opening "QGD: exchange, positional line, 5...c6"]
[ECO "D35"]
[NIC "QO.16"]
[Time "14:00:07"]
[PlyCount "69"]
[TimeControl "1800+10"]

1. d4 d5 2. c4 e6 3. Nc3 Nf6 4. cxd5 exd5 5. Bg5 c6 6. e3 Be7 7. Qc2 Nbd7 8.
Nf3 O-O 9. Bd3 Re8 10. O-O g6 11. h3 Nh5 12. Bh6 Ng7 13. Rae1 Nf8 14. g4
Nfe6 15. Kg2 Ng5 16. Nh2 f5 17. Bxg7 Kxg7 18. gxf5 Qd7 19. f4 Nf7 20. fxg6
Qxh3+ 21. Kh1 hxg6 22. Bxg6 Rh8 23. Rg1 Bg4 24. Bh7 Rxh7 25. Rxg4+ Ng5 26.
Qg2 Qh5 27. Kg1 Rah8 28. Nf3 Qg6 29. Nxg5 Rh1+ 30. Kf2 R1h2 31. Ne6+ Kf7 32.
Rxg6 Bh4+ 33. Kf1 Rxg2 34. Rxg2 Bxe1 35. Ng5+ {Black resigns} 1-0

[Event "ICC tourney 3172 (30 10)"]
[Site "Internet Chess Club"]
[Date "2023.04.15"]
[Round "2"]
[White "ZHUGE, KATHERINE:FlowingMelody"]
[Black "TANG, OWEN:OwenT477"]
[Result "0-1"]
[ICCResult "White checkmated"]
[WhiteElo "1736"]
[BlackElo "1829"]
[Opening "French: Tarrasch, open variation"]
[ECO "C07"]
[NIC "FR.19"]
[Time "14:00:09"]
[PlyCount "130"]
[TimeControl "1800+10"]

1. e4 e6 2. d4 d5 3. Nd2 c5 4. exd5 Qxd5 5. Ngf3 cxd4 6. Bc4 Qd6 7. O-O Nf6
8. Nb3 Nc6 9. Nbxd4 Nxd4 10. Nxd4 a6 11. b3 Qc7 12. Bb2 Bd6 13. h3 O-O 14.
Nf3 Rd8 15. Qe2 Ne8 16. Rad1 h6 17. Rfe1 b5 18. Bd3 Bb7 19. Be4 Bxe4 20.
Qxe4 Rac8 21. c3 Nf6 22. Qe2 Nd5 23. Rc1 Nf4 24. Qc2 Nd3 25. Red1 Nxc1 26.
Rxc1 Bf4 27. Rd1 Rxd1+ 28. Qxd1 Qd6 29. Qxd6 Bxd6 30. Kf1 Be7 31. Ke2 Bf6
32. Kd3 b4 33. Nd4 bxc3 34. Bxc3 e5 35. Ne2 e4+ 36. Kd2 Bg5+ 37. Kc2 Bf6 38.
Kd2 Rd8+ 39. Kc2 Bxc3 40. Nxc3 f5 41. a4 Kf7 42. Na2 Rb8 43. Kc3 Ke6 44. Nb4
a5 45. Nc2 Rc8+ 46. Kb2 Ke5 47. Na3 Kd5 48. Nb5 f4 49. Nc3+ Ke5 50. Nb5 e3
51. fxe3 fxe3 52. Nc3 Kd4 53. Ne2+ Kd3 54. Nf4+ Kd2 55. g4 e2 56. Nxe2 Kxe2
57. Ka3 Rb8 58. Kb2 Kd2 59. Ka2 Kc2 60. Ka1 Rxb3 61. h4 Rg3 62. g5 hxg5 63.
hxg5 g6 64. Ka2 Rb3 65. Ka1 Ra3# {White checkmated} 0-1

[Event "ICC tourney 3172 (30 10)"]
[Site "Internet Chess Club"]
[Date "2023.04.15"]
[Round "2"]
[White "Yang, Daniel Benji Benji:DanielYang99"]
[Black "SHOLL, CRAIG H:craigsholl66"]
[Result "1/2-1/2"]
[ICCResult "Game drawn by mutual agreement"]
[WhiteElo "1603"]
[BlackElo "1762"]
[Opening "Ruy Lopez: modern Steinitz defense, Three knights variation"]
[ECO "C71"]
[NIC "RL.10"]
[Time "14:00:09"]
[PlyCount "91"]
[TimeControl "1800+10"]

1. e4 e5 2. Nf3 Nc6 3. Bb5 a6 4. Ba4 d6 5. Nc3 Bg4 6. h3 Bxf3 7. Qxf3 Nf6 8.
d3 Be7 9. Be3 O-O 10. O-O b5 11. Bb3 Na5 12. Ne2 Nxb3 13. axb3 c5 14. Ng3 g6
15. c4 h5 16. Qe2 h4 17. Nh1 Nh5 18. f4 exf4 19. Bxf4 Qd7 20. Qf3 b4 21. Bh6
Ng7 22. Nf2 f5 23. exf5 Qxf5 24. Qxf5 Rxf5 25. Bxg7 Kxg7 26. Ng4 Rxf1+ 27.
Kxf1 Bf6 28. Nxf6 Kxf6 29. Kf2 Ke5 30. Ke3 d5 31. Ra5 Re8 32. Rxa6 Kf5+ 33.
Kf2 d4 34. Ra7 Re3 35. Rf7+ Kg5 36. Rf3 Re5 37. g3 hxg3+ 38. Rxg3+ Kf5 39.
h4 Kf6 40. Rf3+ Ke6 41. Rg3 Kf6 42. Rf3+ Ke6 43. Rf4 Re3 44. Rf3 Re5 45. Rf4
Re3 46. Rf3 {Game drawn by mutual agreement} 1/2-1/2

[Event "ICC tourney 3172 (30 10)"]
[Site "Internet Chess Club"]
[Date "2023.04.15"]
[Round "2"]
[White "BERKLEY, DARRIN K:drberkley"]
[Black "SURESH, SUDEEP:playe49"]
[Result "1/2-1/2"]
[ICCResult "Game drawn by mutual agreement"]
[WhiteElo "1890"]
[BlackElo "1657"]
[Opening "Caro-Kann: Tartakower (fantasy) variation"]
[ECO "B12"]
[NIC "CK.02"]
[Time "14:00:06"]
[PlyCount "162"]
[TimeControl "1800+10"]

1. e4 c6 2. d4 d5 3. f3 dxe4 4. fxe4 Qb6 5. Nf3 Bg4 6. Be2 e5 7. c3 Nf6 8.
Nxe5 Bxe2 9. Qxe2 c5 10. d5 Qc7 11. Nf3 Nbd7 12. Bg5 Bd6 13. Nbd2 O-O-O 14.
O-O-O Rde8 15. g3 h6 16. Bxf6 Nxf6 17. Qd3 Re7 18. Nh4 g6 19. Rhf1 Ng4 20.
Nhf3 Rhe8 21. h3 Nf6 22. e5 Bxe5 23. Nxe5 Qxe5 24. Nc4 Qg5+ 25. Kb1 Ne4 26.
d6 Rd7 27. Rxf7 Qxg3 28. Qxg3 Nxg3 29. Rf6 Nf5 30. Rxg6 Red8 31. Rf6 b5 32.
Rxf5 bxc4 33. Rxc5+ Kb7 34. Rxc4 Rxd6 35. Rxd6 Rxd6 36. Kc2 Rf6 37. Rh4 Kc6
38. b4 Kb5 39. Kb3 Kb6 40. a4 a6 41. Rh5 Rg6 42. Kc4 Rc6+ 43. Kd4 Rd6+ 44.
Rd5 Rg6 45. c4 Rf6 46. c5+ Kb7 47. Ke5 Rf3 48. h4 Rh3 49. Rd4 Kc7 50. Kf6
Rg3 51. b5 Rc3 52. b6+ Kc6 53. Rb4 Kb7 54. Kg6 Rxc5 55. Kxh6 Rc1 56. h5 Rg1
57. a5 Ra1 58. Kg7 Rxa5 59. h6 Rg5+ 60. Kh8 a5 61. Rb1 a4 62. Rb4 a3 63. Ra4
Kxb6 64. Rxa3 Kc7 65. Rd3 Kc8 66. h7 Kc7 67. Rf3 Kd7 68. Rf7+ Ke8 69. Rg7
Rf5 70. Ra7 Rg5 71. Rg7 Rf5 72. Rg6 Kf7 73. Ra6 Rg5 74. Ra7+ Kf8 75. Rb7 Ke8
76. Rb8+ Kf7 77. Rg8 Rf5 78. Rg7+ Ke8 79. Ra7 Rg5 80. Ra8+ Kf7 81. Ra7+ Kf8
{Game drawn by mutual agreement}
1/2-1/2

[Event "ICC tourney 3172 (30 10)"]
[Site "Internet Chess Club"]
[Date "2023.04.15"]
[Round "2"]
[White "LIN, GABRIEL:danaglin"]
[Black "Jin, Xiaodong:SuperWJ"]
[Result "1/2-1/2"]
[ICCResult "Game drawn by mutual agreement"]
[WhiteElo "1696"]
[BlackElo "1944"]
[Opening "Robatsch (modern) defense"]
[ECO "B06"]
[NIC "KF.05"]
[Time "14:00:27"]
[PlyCount "191"]
[TimeControl "1800+10"]

1. e4 g6 2. d4 Bg7 3. Nf3 d6 4. Bd3 Nf6 5. O-O O-O 6. c3 c5 7. Re1 cxd4 8.
cxd4 Nc6 9. Nc3 Bg4 10. Be2 Qb6 11. d5 Bxf3 12. Bxf3 Ne5 13. Be2 h5 14. h3
Rac8 15. Qb3 Qxb3 16. axb3 a6 17. Be3 Ned7 18. b4 Ne5 19. f3 Nc4 20. Bxc4
Rxc4 21. b5 axb5 22. Nxb5 Rb4 23. Nd4 Nd7 24. Red1 Rc8 25. Rd2 Nb6 26. Bf2
Rcc4 27. Rad1 Rc8 28. Rb1 Na4 29. b3 Nc5 30. Kh1 Bxd4 31. Rxd4 Rxd4 32. Bxd4
Nd3 33. Rd1 Rc1 34. Rxc1 Nxc1 35. b4 b5 36. Bb6 e6 37. dxe6 fxe6 38. Kg1 Nd3
39. Ba5 d5 40. Kf1 Kf7 41. Ke2 Nf4+ 42. Kf2 dxe4 43. fxe4 e5 44. Bc7 Ke6 45.
Kf3 g5 46. Bd8 g4+ 47. hxg4 hxg4+ 48. Kxg4 Nxg2 49. Bg5 Ne1 50. Bd2 Nd3 51.
Kf3 Nb2 52. Bc3 Nc4 53. Kg4 Nd6 54. Kf3 Kf6 55. Bb2 Nf7 56. Kg4 Nd6 57. Kf3
Nc4 58. Bc3 Nd6 59. Bb2 Nc4 60. Bc3 Kg5 61. Kg3 Kf6 62. Kg4 Ne3+ 63. Kf3 Nc4
64. Kg4 Nd6 65. Kf3 Ke6 66. Be1 Nf7 67. Bd2 Nd8 68. Kg4 Nb7 69. Be3 Nd6 70.
Kf3 Kf6 71. Bc5 Nc4 72. Bf2 Kg5 73. Be1 Kh5 74. Bf2 Kg5 75. Be1 Nb2 76. Bc3
Nc4 77. Be1 Nd6 78. Bf2 Nf7 79. Be1 Kf6 80. Bf2 Nh8 81. Be1 Ng6 82. Bg3 Ke6
83. Kg4 Ne7 84. Bh4 Nc6 85. Be1 Nd4 86. Bc3 Ne2 87. Bd2 Nd4 88. Bc3 Ne2 89.
Bd2 Nd4 90. Bc3 Nc6 91. Kf3 Kf6 92. Kg4 Nd8 93. Be1 Nf7 94. Bf2 Nd6 95. Kf3
Kg5 96. Be1 {Game drawn by mutual agreement} 1/2-1/2

[Event "ICC tourney 3172 (30 10)"]
[Site "Internet Chess Club"]
[Date "2023.04.15"]
[Round "3"]
[White "OPASKA, MICHAEL:mopaska1106"]
[Black "Yang, Daniel Benji Benji:DanielYang99"]
[Result "1-0"]
[ICCResult "Black resigns"]
[WhiteElo "1909"]
[BlackElo "1603"]
[Opening "Nimzo-Indian: 4.e3"]
[ECO "E40"]
[NIC "NI.17"]
[Time "16:00:16"]
[PlyCount "45"]
[TimeControl "1800+10"]

1. d4 Nf6 2. c4 e6 3. Nc3 Bb4 4. e3 d5 5. Ne2 O-O 6. a3 Be7 7. Ng3 b6 8.
cxd5 exd5 9. Bd3 Nbd7 10. O-O c5 11. Qc2 c4 12. Be2 Bb7 13. f3 Rc8 14. Rd1
Re8 15. e4 Nf8 16. e5 N6d7 17. f4 f6 18. Nf5 fxe5 19. fxe5 a6 20. Rf1 Ne6
21. Be3 Rf8 22. Rad1 Qc7 23. Nxe7+ {Black resigns} 1-0

[Event "ICC tourney 3172 (30 10)"]
[Site "Internet Chess Club"]
[Date "2023.04.15"]
[Round "3"]
[White "SHERNOFF, LEON:LeonShernoff"]
[Black "ZHAO, DANSON:K01-30127679"]
[Result "1-0"]
[ICCResult "Black resigns"]
[WhiteElo "1924"]
[BlackElo "1594"]
[Opening "English opening"]
[ECO "A20"]
[NIC "EO.24"]
[Time "16:01:34"]
[PlyCount "49"]
[TimeControl "1800+10"]

1. c4 e5 2. g3 Nc6 3. Bg2 Bc5 4. e3 Nf6 5. Nc3 O-O 6. Nge2 d6 7. a3 a5 8.
O-O Bg4 9. h3 Bd7 10. d4 exd4 11. exd4 Ba7 12. Bg5 h6 13. Be3 Qc8 14. Kh2
Nh7 15. Nd5 a4 16. Nec3 Bb8 17. Nxa4 Kh8 18. Nac3 f5 19. b4 Nf6 20. Nxf6
Rxf6 21. Nd5 Rg6 22. b5 Na5 23. Ne7 Qe8 24. Nxg6+ Qxg6 25. Rc1 {Black
resigns} 1-0

[Event "ICC tourney 3172 (30 10)"]
[Site "Internet Chess Club"]
[Date "2023.04.15"]
[Round "3"]
[White "SHEEHAN, ETHAN THOMAS:Chessking2008"]
[Black "ZHOU, JIANCHAO:TomCruise999"]
[Result "0-1"]
[ICCResult "White checkmated"]
[WhiteElo "2312"]
[BlackElo "2648"]
[Opening "QGD semi-Slav"]
[ECO "D43"]
[NIC "QI.01"]
[Time "16:01:34"]
[PlyCount "76"]
[TimeControl "1800+10"]

1. d4 Nf6 2. c4 e6 3. Nf3 d5 4. Nc3 c6 5. Bg5 h6 6. Bxf6 Qxf6 7. e3 Nd7 8.
Bd3 dxc4 9. Bxc4 g6 10. O-O Bg7 11. Rc1 O-O 12. Qe2 Qe7 13. Rfd1 Rd8 14. e4
b5 15. Bb3 Bb7 16. e5 c5 17. Nxb5 a6 18. Nc3 cxd4 19. Rxd4 Nxe5 20. Rxd8+
Rxd8 21. Ne1 Nc6 22. Rd1 Nd4 23. Qe3 Nxb3 24. Rxd8+ Qxd8 25. axb3 Qa5 26.
Nc2 Qf5 27. Qd2 Qg4 28. Ne3 Qb4 29. Qc2 a5 30. h3 h5 31. Nc4 a4 32. Nxa4
Qe1+ 33. Kh2 Bh6 34. Kg3 Be4 35. Qc3 h4+ 36. Kxh4 Qxf2+ 37. g3 Qf5 38. Qe5
Bg5# {White checkmated} 0-1

[Event "ICC tourney 3172 (30 10)"]
[Site "Internet Chess Club"]
[Date "2023.04.15"]
[Round "3"]
[White "Belous, Vladimir:Openyagami"]
[Black "WEN, YILI:yyyw"]
[Result "1-0"]
[ICCResult "Black resigns"]
[WhiteElo "2604"]
[BlackElo "2111"]
[Opening "English: symmetrical, main line with d3"]
[ECO "A38"]
[NIC "EO.27"]
[Time "16:00:24"]
[PlyCount "65"]
[TimeControl "1800+10"]

1. c4 c5 2. Nf3 Nf6 3. g3 g6 4. Bg2 Bg7 5. O-O O-O 6. Nc3 Nc6 7. d3 d6 8.
Rb1 Rb8 9. a3 Nd4 10. Nxd4 cxd4 11. Nb5 Qb6 12. e3 e5 13. exd4 exd4 14. Nxd6
Bg4 15. f3 Be6 16. Ne4 Nd7 17. b4 h6 18. f4 Qc7 19. Bd2 f5 20. Nf2 Nf6 21.
Re1 Rfe8 22. Qf3 Bd7 23. Rxe8+ Bxe8 24. b5 Nd7 25. g4 fxg4 26. Nxg4 Kh7 27.
Re1 Qd6 28. Bb4 Nc5 29. f5 b6 30. f6 Bf8 31. f7 Bd7 32. Nf6+ Kg7 33. Ne8+
{Black resigns}
1-0

[Event "ICC tourney 3172 (30 10)"]
[Site "Internet Chess Club"]
[Date "2023.04.15"]
[Round "3"]
[White "TANG, OWEN:OwenT477"]
[Black "YAN, RUIYANG:jy2020"]
[Result "0-1"]
[ICCResult "White resigns"]
[WhiteElo "1829"]
[BlackElo "2351"]
[Opening "Sicilian: Najdorf, Byrne (English) attack"]
[ECO "B90"]
[NIC "SI.14"]
[Time "16:00:07"]
[PlyCount "84"]
[TimeControl "1800+10"]

1. e4 c5 2. Nf3 d6 3. d4 cxd4 4. Nxd4 Nf6 5. Nc3 a6 6. Be3 e5 7. Nb3 Be6 8.
f3 h5 9. Qd2 Nbd7 10. O-O-O Be7 11. Nd5 Nxd5 12. exd5 Bf5 13. Bd3 Bxd3 14.
Qxd3 Bg5 15. Kb1 Bxe3 16. Qxe3 O-O 17. Nd2 f5 18. g4 hxg4 19. fxg4 f4 20.
Qf3 Nc5 21. h4 Qd7 22. h5 Rae8 23. Rde1 Qe7 24. Ne4 Nxe4 25. Rxe4 Qg5 26.
Rc4 b5 27. Re4 Rc8 28. Re2 Rc4 29. b3 Rc5 30. Rd1 b4 31. Rd3 a5 32. Rh2 Rc7
33. Qg2 Re7 34. h6 g6 35. Qe4 Kh7 36. Kb2 Qxg4 37. Rdd2 Qf5 38. Qc4 e4 39.
Qa6 Qe5+ 40. Kb1 e3 41. Rd1 f3 42. Qd3 Qxh2 {White resigns} 0-1

[Event "ICC tourney 3172 (30 10)"]
[Site "Internet Chess Club"]
[Date "2023.04.15"]
[Round "3"]
[White "MARKOVIC, GORAN:Goran21"]
[Black "WU, JAYDEN:SparkyNinja"]
[Result "0-1"]
[ICCResult "White resigns"]
[WhiteElo "2075"]
[BlackElo "2014"]
[Opening "Sicilian"]
[ECO "B50"]
[NIC "SI.01"]
[Time "16:00:38"]
[PlyCount "132"]
[TimeControl "1800+10"]

1. e4 c5 2. Nf3 d6 3. c3 Nf6 4. Be2 e6 5. O-O Be7 6. Re1 O-O 7. Bf1 Nc6 8.
d4 cxd4 9. cxd4 a6 10. a3 b5 11. Bd3 Bb7 12. Nc3 Rc8 13. Qe2 Qc7 14. e5 dxe5
15. dxe5 Nd7 16. Bf4 Rfd8 17. Rac1 Qb8 18. Bb1 Nf8 19. h4 Nd4 20. Nxd4 Rxd4
21. g3 Ng6 22. Be3 Nxe5 23. f4 Nf3+ 24. Kf2 Nxe1 25. Bxd4 Nf3 26. Qd3 g6 27.
Be3 Nh2 28. b4 Ng4+ 29. Ke2 Nxe3 30. Qxe3 Bf6 31. Ne4 Bxe4 32. Bxe4 Rxc1 33.
Qxc1 Qb6 34. h5 Kg7 35. g4 Qd4 36. h6+ Kf8 37. Qc8+ Bd8 38. Qc6 Qb2+ 39. Kf1
Qa1+ 40. Kg2 Qb2+ 41. Kh1 Qa1+ 42. Kh2 Qb2+ 43. Bg2 Qd4 44. Kg3 Qe3+ 45. Bf3
Qg1+ 46. Bg2 Qe3+ 47. Bf3 Qg1+ 48. Kh3 Qf1+ 49. Kh2 Qf2+ 50. Kh3 Qf1+ 51.
Bg2 Qxf4 52. Qc5+ Kg8 53. Qc8 Qxh6+ 54. Kg3 Qe3+ 55. Bf3 Qe5+ 56. Kg2 Qc7
57. Qxa6 Qc2+ 58. Kf1 Bh4 59. Qa8+ Kg7 60. Be2 Qc1+ 61. Kg2 Qe3 62. Qf3 Qe5
63. Qd3 Be1 64. Qxb5 Qg3+ 65. Kh1 Bf2 66. Qe5+ Qxe5 {White resigns} 0-1

[Event "ICC tourney 3172 (30 10)"]
[Site "Internet Chess Club"]
[Date "2023.04.15"]
[Round "3"]
[White "CHINNI, RISHABH:alphachesplayer"]
[Black "INDUKURI, SUHAS VARMA:Suhas12"]
[Result "1-0"]
[ICCResult "Black checkmated"]
[WhiteElo "1993"]
[BlackElo "1823"]
[Opening "Sicilian: Kan, 5.Bd3"]
[ECO "B42"]
[NIC "SI.42"]
[Time "16:00:10"]
[PlyCount "95"]
[TimeControl "1800+10"]

1. e4 c5 2. Nf3 e6 3. d4 cxd4 4. Nxd4 a6 5. Bd3 Nc6 6. Be3 Qc7 7. Qe2 Nf6 8.
c4 Be7 9. Nc3 b6 10. O-O O-O 11. f4 Nxd4 12. Bxd4 Bc5 13. Bxc5 Qxc5+ 14. Kh1
Bb7 15. e5 Ne8 16. f5 Nc7 17. f6 g6 18. Rae1 Rfd8 19. Qd2 d5 20. Qh6 Qf8 21.
Qh4 dxc4 22. Bxc4 b5 23. Be2 Nd5 24. Bf3 Nxc3 25. Bxb7 Ra7 26. bxc3 Rxb7 27.
Rd1 Rbd7 28. Rxd7 Rxd7 29. h3 Rd5 30. Qf4 Qd8 31. c4 Rd1 32. Rxd1 Qxd1+ 33.
Kh2 Qe2 34. c5 h6 35. c6 g5 36. Qd4 Qc2 37. Qd8+ Kh7 38. Qf8 Kg6 39. Qg7+
Kh5 40. Qxf7+ Kh4 41. Qxe6 h5 42. f7 Qf2 43. Qf6 Qg3+ 44. Kg1 Qe1+ 45. Qf1
Qxf1+ 46. Kxf1 a5 47. f8=Q b4 48. Qf2# {Black checkmated} 1-0

[Event "ICC tourney 3172 (30 10)"]
[Site "Internet Chess Club"]
[Date "2023.04.15"]
[Round "3"]
[White "YU, AVERY:Averyyu321"]
[Black "Cheng, Samuel:Samuel1001"]
[Result "1-0"]
[ICCResult "Black resigns"]
[WhiteElo "1973"]
[BlackElo "1759"]
[Opening "Caro-Kann: Tartakower (Nimzovich) variation"]
[ECO "B15"]
[NIC "CK.06"]
[Time "16:00:13"]
[PlyCount "63"]
[TimeControl "1800+10"]

1. e4 c6 2. d4 d5 3. Nc3 dxe4 4. Nxe4 Nf6 5. Nxf6+ exf6 6. c3 Bd6 7. Bd3 O-O
8. Qc2 Re8+ 9. Ne2 h5 10. Be3 b5 11. Ng3 h4 12. Ne4 Bc7 13. O-O-O Nd7 14. h3
Nb6 15. Rdg1 Qd5 16. Kb1 a5 17. Nd2 Be6 18. b3 Reb8 19. g3 Nc4 20. Ka1 Nxe3
21. fxe3 hxg3 22. Ne4 a4 23. b4 a3 24. Rg2 Bb6 25. Rxg3 Kf8 26. Rhg1 Ke7 27.
Rxg7 Ra4 28. Qf2 f5 29. Qh4+ Kd7 30. Nf6+ Kc7 31. Nxd5+ Bxd5 32. Qe7+
{Black resigns}
1-0

[Event "ICC tourney 3172 (30 10)"]
[Site "Internet Chess Club"]
[Date "2023.04.15"]
[Round "3"]
[White "SHOLL, CRAIG H:craigsholl66"]
[Black "BERKLEY, DARRIN K:drberkley"]
[Result "0-1"]
[ICCResult "White forfeits on time"]
[WhiteElo "1762"]
[BlackElo "1890"]
[Opening "Pirc defense"]
[ECO "B07"]
[NIC "PU.07"]
[Time "16:00:07"]
[PlyCount "70"]
[TimeControl "1800+10"]

1. e4 d6 2. Nc3 Nf6 3. d4 g6 4. h3 a6 5. Nf3 b5 6. a3 Bb7 7. e5 Nfd7 8. e6
fxe6 9. Ng5 Nf6 10. Nxe6 Qd7 11. Nxf8 Rxf8 12. Bh6 Rf7 13. f3 Nh5 14. Qd2
Ng3 15. Rg1 Nc6 16. O-O-O Nxf1 17. Rgxf1 Na5 18. b3 O-O-O 19. d5 c6 20. Be3
c5 21. Ne4 Qc7 22. Ng5 Rf5 23. Ne6 Qb6 24. Nxd8 Rxd5 25. Qc3 Qxd8 26. Rxd5
Bxd5 27. Rd1 e6 28. b4 Nc4 29. bxc5 dxc5 30. Bxc5 Qg5+ 31. Kb1 Qxg2 32. Be7
Qxf3 33. Qh8+ Kb7 34. Rc1 Nxa3+ 35. Bxa3 Qxa3 {White forfeits on time} 0-1

[Event "ICC tourney 3172 (30 10)"]
[Site "Internet Chess Club"]
[Date "2023.04.15"]
[Round "3"]
[White "Jin, Xiaodong:SuperWJ"]
[Black "Cao, Frank Zhongtian:FrankCao"]
[Result "1/2-1/2"]
[ICCResult "Game drawn by repetition"]
[WhiteElo "1944"]
[BlackElo "1738"]
[Opening "Nimzovich-Larsen attack: classical variation"]
[ECO "A01"]
[NIC "VO.08"]
[Time "16:00:10"]
[PlyCount "75"]
[TimeControl "1800+10"]

1. b3 d5 2. Bb2 c5 3. e3 Nc6 4. Bb5 Qc7 5. Nc3 e6 6. Nf3 Nf6 7. Bxc6+ Qxc6
8. Ne5 Qc7 9. f4 a6 10. O-O Bd6 11. Ne2 O-O 12. Ng3 Nd7 13. d4 cxd4 14. exd4
f6 15. Nxd7 Bxd7 16. Qd2 Bc6 17. a4 e5 18. fxe5 fxe5 19. dxe5 Bxe5 20. Bxe5
Qxe5 21. Rxf8+ Rxf8 22. Re1 Qf4 23. Qxf4 Rxf4 24. Rf1 Rxf1+ 25. Kxf1 Kf7 26.
Ne2 Kf6 27. Nd4 Ke5 28. c3 Bd7 29. Ke2 Ke4 30. h3 h5 31. Nf3 b5 32. a5 g6
33. b4 Bf5 34. Nd4 Bd7 35. Nf3 Bf5 36. Nd4 Bd7 37. Nf3 Bf5 38. Nd4
{Game drawn by repetition}
1/2-1/2

[Event "ICC tourney 3172 (30 10)"]
[Site "Internet Chess Club"]
[Date "2023.04.15"]
[Round "3"]
[White "Feng, Jay:TheDeadlyPawn"]
[Black "BARANWAL, SUVAN:suvanba"]
[Result "1-0"]
[ICCResult "Black checkmated"]
[WhiteElo "1882"]
[BlackElo "1900"]
[Opening "Sicilian: dragon, Yugoslav attack, 9...Bd7"]
[ECO "B77"]
[NIC "SI.18"]
[Time "16:00:13"]
[PlyCount "83"]
[TimeControl "1800+10"]

1. e4 c5 2. Nf3 d6 3. d4 cxd4 4. Nxd4 Nf6 5. Nc3 g6 6. Be3 Bg7 7. f3 O-O 8.
Bc4 Nc6 9. Qd2 Bd7 10. Bb3 Ne5 11. O-O-O Rc8 12. Qe2 Rxc3 13. bxc3 Qa5 14.
Bd2 b5 15. Kb1 Rb8 16. c4 Qb6 17. Nxb5 a6 18. Nc3 a5 19. a4 Nc6 20. Nb5 Nd4
21. Qd3 Bxb5 22. cxb5 Nd7 23. Be3 Nc5 24. Bxd4 Qc7 25. Qc4 e6 26. Bxg7 Kxg7
27. Qd4+ Kg8 28. Qxd6 Qa7 29. Rd2 Rc8 30. Qe5 Qe7 31. Rhd1 h5 32. Kb2 f6 33.
Qg3 Kg7 34. Qd6 Qe8 35. Rd4 Kh6 36. Rc4 Nb7 37. Rxc8 Qxc8 38. Qxe6 Qf8 39.
Qg8 Qe7 40. Qh8+ Kg5 41. g3 Qb4 42. h4# {Black checkmated} 1-0

[Event "ICC tourney 3172 (30 10)"]
[Site "Internet Chess Club"]
[Date "2023.04.15"]
[Round "3"]
[White "Makhmud, Adi:Chesshustler21"]
[Black "ZHU, LINXI:duone"]
[Result "0-1"]
[ICCResult "White checkmated"]
[WhiteElo "1396"]
[BlackElo "1977"]
[Opening "Queen's pawn game"]
[ECO "D00"]
[NIC "QP.07"]
[Time "16:00:09"]
[PlyCount "94"]
[TimeControl "1800+10"]

1. d4 Nf6 2. Nc3 d5 3. Bf4 c6 4. Nf3 e6 5. e3 Nbd7 6. Bd3 Be7 7. Ne5 O-O 8.
Qf3 c5 9. dxc5 Nxc5 10. g4 Nxd3+ 11. cxd3 d4 12. Ne4 Nxe4 13. Qxe4 f6 14.
Nf3 e5 15. Bg3 Qa5+ 16. Ke2 dxe3 17. fxe3 Be6 18. Rhc1 Qb5 19. Nd2 Bd5 20.
Qf5 g6 21. a4 Qe8 22. Qf2 f5 23. Bxe5 fxg4 24. Qg3 h5 25. e4 Be6 26. Rc7 h4
27. Qe3 g5 28. Rac1 g3 29. d4 Bg4+ 30. Kd3 Rc8 31. hxg3 h3 32. Rxc8 Bxc8 33.
Nf3 Qg6 34. Rc7 g4 35. Nh2 Bg5 36. Qe1 Qa6+ 37. Kc2 Qxa4+ 38. Kb1 Bh6 39.
Qc3 Be6 40. d5 Qxe4+ 41. Qc2 Qe1+ 42. Ka2 Bxd5+ 43. b3 Rf2 44. Rc8+ Bf8 45.
Nxg4 Qa5+ 46. Kb1 Rf1+ 47. Kb2 Qa1# {White checkmated} 0-1

[Event "ICC tourney 3172 (30 10)"]
[Site "Internet Chess Club"]
[Date "2023.04.15"]
[Round "3"]
[White "LU, JOSHUA:qingjoshua"]
[Black "Volkov, Sergey:Volkov"]
[Result "0-1"]
[ICCResult "White resigns"]
[WhiteElo "2095"]
[BlackElo "2503"]
[Opening "English, Kramnik-Shirov counterattack"]
[ECO "A21"]
[NIC "EO.23"]
[Time "16:00:13"]
[PlyCount "100"]
[TimeControl "1800+10"]

1. c4 e5 2. Nc3 Bb4 3. Nd5 Bc5 4. e3 Nf6 5. d4 Nxd5 6. dxc5 Nf6 7. b4 O-O 8.
Bb2 d6 9. cxd6 cxd6 10. Nf3 Qb6 11. a3 a5 12. b5 Nbd7 13. Be2 Nc5 14. Qc2
Bg4 15. O-O Rac8 16. Rfd1 a4 17. Bc3 Nb3 18. Rab1 Rfd8 19. Bb4 h6 20. Qc3
Qc7 21. h3 Be6 22. Nd2 Nxd2 23. Qxd2 Ne4 24. Qc2 d5 25. f3 Ng3 26. c5 d4 27.
Bc4 Bxc4 28. Qxc4 Nf5 29. Re1 Nxe3 30. Rxe3 dxe3 31. Re1 Rd4 32. Qc3 Qd7 33.
Qxe3 Qxb5 34. Qxe5 Rdd8 35. Qf4 Re8 36. Rxe8+ Rxe8 37. Kh2 Qc6 38. Qg3 Qf6
39. Qg4 Qe6 40. Qg3 Qe5 41. f4 Qf5 42. Bc3 f6 43. Qf3 Qxc5 44. Bb4 Qf5 45.
Qxb7 Qxf4+ 46. Kh1 Qc1+ 47. Kh2 Qc8 48. Qd5+ Qe6 49. Qb5 Qe5+ 50. Qxe5 Rxe5
{White resigns}
0-1

[Event "ICC tourney 3172 (30 10)"]
[Site "Internet Chess Club"]
[Date "2023.04.15"]
[Round "3"]
[White "Laido, Olivia:beibeiolivia"]
[Black "LIN, GABRIEL:danaglin"]
[Result "1-0"]
[ICCResult "Black resigns"]
[WhiteElo "1959"]
[BlackElo "1696"]
[Opening "French: advance, Wade variation"]
[ECO "C02"]
[NIC "FR.03"]
[Time "16:00:22"]
[PlyCount "119"]
[TimeControl "1800+10"]

1. e4 e6 2. d4 d5 3. e5 c5 4. c3 Qb6 5. Nf3 Bd7 6. Be2 cxd4 7. cxd4 Bb5 8.
Nc3 Bxe2 9. Qxe2 Nc6 10. Be3 Nge7 11. O-O Nf5 12. Rfd1 Be7 13. Rac1 O-O 14.
a3 Nxe3 15. fxe3 Rac8 16. Na4 Qd8 17. b4 a5 18. Qb5 axb4 19. Qxb7 Qc7 20.
Qxc7 Rxc7 21. axb4 Bxb4 22. Rc2 Ra7 23. Nb2 Ne7 24. Nd3 Ba5 25. Ra1 Rfa8 26.
Rb1 h6 27. Nc5 Nf5 28. Kf2 Bd8 29. g4 Ne7 30. Rbb2 Ng6 31. Nb7 Be7 32. Rb3
Ra2 33. Rc3 Nh4 34. Nxh4 Bxh4+ 35. Kg2 Rxc2+ 36. Rxc2 Bg5 37. Rc3 Ra2+ 38.
Kg3 Re2 39. Kf3 Rxh2 40. Kg3 Re2 41. Kf3 Rb2 42. Nd6 Bh4 43. e4 Rd2 44. exd5
exd5 45. Nf5 Bg5 46. Rc8+ Kh7 47. Rc7 g6 48. Rxf7+ Kg8 49. Rg7+ Kf8 50. Rxg6
Rd1 51. Rd6 Rf1+ 52. Kg2 Rf4 53. Rxd5 Rxg4+ 54. Kh3 Rf4 55. e6 Re4 56. Rd6
Be7 57. Ra6 Bd8 58. Ra8 Ke8 59. Nd6+ Ke7 60. Nxe4 {Black resigns} 1-0

[Event "ICC tourney 3172 (30 10)"]
[Site "Internet Chess Club"]
[Date "2023.04.15"]
[Round "4"]
[White "SHERNOFF, LEON:LeonShernoff"]
[Black "MARKOVIC, GORAN:Goran21"]
[Result "0-1"]
[ICCResult "White resigns"]
[WhiteElo "1924"]
[BlackElo "2075"]
[Opening "English opening"]
[ECO "A10"]
[NIC "EO.64"]
[Time "18:00:19"]
[PlyCount "38"]
[TimeControl "1800+10"]

1. c4 g6 2. g3 Nf6 3. Bg2 Bg7 4. Nf3 d6 5. O-O O-O 6. Nc3 Nc6 7. d3 Nh5 8.
Bd2 e5 9. Rc1 f5 10. Ng5 Ne7 11. c5 d5 12. e4 h6 13. Nf3 d4 14. Qb3+ Kh7 15.
Ne2 fxe4 16. dxe4 Bg4 17. h3 Bxf3 18. Bxf3 d3 19. Bxh5 dxe2 {White resigns}
0-1